AoeStats
← sada-aki

Nomad

510715183Analyzed
4v4 RM · 19h ago on Oct 2, 2026· 39m 51s· 8 players
Game mode
Random Map
Map size
231×231
Population
200
Speed
Normal
Resources
Standard
Victory
Conquest
Starting age
Dark Age
Ending age
Imperial Age
RankedLock teamsTeams togetherTeam positionsShared explorationLock speedFull tech treeHidden civsTurbo modeCheats
Victory
Defeat
🇨🇳 Wei · China
1245
+12
1232
+13
🇹🇼 Malians · Taiwan
1217
+13
🇯🇵 Britons · Japan
1200
+14
🇳🇱 Chinese · Netherlands
1236
-16
🇪🇸 Persians · Spain
1165
-13
🇪🇸 Cumans · Spain
1133
-12
🇵🇪 Vietnamese · Peru
1098
-11
KePaSaMiaRMa!!
4:55 Loom
13:27 Feudal Age
18:22 Castle Age
16:47 Fletching
16:59 Padded Archer Armor
18:00 Double-Bit Axe
29:21 Imperial Age
27:27 Crossbowman
29:27 Kamandaran
31:29 Bodkin Arrow
33:46 Wheelbarrow
33:58 Bow Saw
35:58 Chemistry
36:10 Ballistics
37:10 Conscription
37:41 Leather Archer Armor
DSLG | Shamer
4:57 Loom
15:43 Feudal Age
17:21 Stone Mining
17:40 Double-Bit Axe
19:57 Castle Age
19:55 Padded Archer Armor
19:45 Fletching
19:50 Fishing Lines
20:05 Gold Mining
19:59 Horse Collar
21:53 Bow Saw
22:24 Stone Shaft Mining
22:01 Heavy Plow
25:33 Leather Archer Armor
32:16 Ballistics
33:39 Treadmill Crane
33:57 Bodkin Arrow
Deathiscoming
3:17 Loom
13:34 Feudal Age
14:25 Double-Bit Axe
15:34 Fishing Lines
17:49 Gold Mining
20:52 Castle Age
18:40 Town Watch
20:56 Castle Age
20:59 Scale Mail Armor
21:09 Forging
22:48 Wheelbarrow
22:08 Stone Mining
22:24 Squires
22:44 Chain Mail Armor
22:53 Bow Saw
23:00 Gillnets
24:06 Fletching
26:10 Iron Casting
26:02 Horse Collar
27:07 Bodkin Arrow
28:14 Padded Archer Armor
32:39 Ballistics
33:15 Thumb Ring
33:36 Hand Cart
34:36 Leather Archer Armor
MalSofrit
9:19 Loom
13:43 Feudal Age
14:38 Double-Bit Axe
16:15 Fletching
22:52 Castle Age
24:05 Medium Warships
23:55 Bodkin Arrow
30:28 Pikeman
33:42 Forging
33:39 Scale Mail Armor
33:32 Man-at-Arms
35:55 Bloodlines
sada-aki
11:23 Loom
13:08 Feudal Age
13:59 Double-Bit Axe
18:43 Castle Age
17:08 Stone Mining
17:09 Gold Mining
19:40 Bow Saw
20:59 Treadmill Crane
23:43 Fletching
23:54 Padded Archer Armor
23:49 Crossbowman
25:05 Ballistics
25:02 Horse Collar
25:41 Bodkin Arrow
32:24 Yeomen
36:41 Imperial Age
36:46 Arbalester
38:31 Chemistry
Liam
4:14 Loom
12:49 Feudal Age
17:20 Castle Age
17:23 Scale Barding Armor
17:39 Light Cavalry
19:44 Horse Collar
20:19 Double-Bit Axe
29:07 Wheelbarrow
32:54 Imperial Age
32:17 Scale Mail Armor
32:28 Forging
37:29 Elite Skirmisher
Blacksky
3:36 Loom
15:12 Feudal Age
15:42 Double-Bit Axe
17:25 Gold Mining
17:26 Stone Mining
20:20 Castle Age
19:08 Scale Barding Armor
22:04 Bloodlines
22:09 Forging
23:00 Horse Collar
24:14 Wheelbarrow
26:33 Hand Cart
34:03 Imperial Age
32:15 Gold Shaft Mining
31:49 Demolition Ship
32:44 Medium Warships
32:55 Husbandry
33:17 Chain Barding Armor
34:17 Iron Casting
34:07 Heavy Hei Guang Cavalry
35:18 Ming Guang Armor
36:12 Conscription
37:06 Blast Furnace
37:01 Heavy Plow
37:13 Bow Saw
37:51 Town Watch
boom n type gg noob team
3:04 Loom
14:01 Feudal Age
14:35 Double-Bit Axe
18:28 Horse Collar
23:18 Castle Age
21:32 Stone Mining
24:26 Bow Saw
24:18 Heavy Plow
24:18 Fishing Lines
29:15 Gold Mining
33:11 Imperial Age
31:03 Forging
30:58 Fletching
31:37 Scale Mail Armor
32:01 Ballistics
32:33 Treadmill Crane
32:48 Murder Holes
33:04 Masonry
33:06 Murder Holes
34:09 Iron Casting
33:50 Chain Mail Armor
33:50 Squires
33:36 Arson
34:01 Bodkin Arrow
34:15 Siege Engineers
36:10 Two-Man Saw
35:42 Crop Rotation
35:49 Gold Shaft Mining
36:50 Conscription
36:17 Elite Varangian Guard
36:37 Pikeman
37:54 Architecture
37:55 Bracer
37:55 Padded Archer Armor
38:26 Plate Mail Armor
37:45 Elite Skirmisher
39:47 Blast Furnace
39:49 Chemistry
Connection lost

Rejoining the realm…

Still unreachable

The connection could not be restored.

Session expired

The server has moved on; the page needs a fresh start.